 Dungeon Crawl Stone Soup version 0.25-a0-279-g53730b6a6f (webtiles) character file.

Game seed: 13016888401167193799, levelgen mode: deterministic

93 MoonlitKnight the Poker (level 4, 0/33 HPs)
             Began as a Merfolk Skald on Dec 10, 2019.
             Slain by Terence
             ... wielding a cursed -3 flail
              (7 damage)
             ... on level 3 of the Dungeon.
             The game lasted 00:07:52 (2576 turns).

MoonlitKnight the Poker (Merfolk Skald)             Turns: 2576, Time: 00:07:53

Health: 0/33       AC:  3    Str: 12    XL:     4   Next: 62%
Magic:  4/7        EV: 13    Int: 12    God:
Gold:   126        SH:  0    Dex: 13    Spells: 1/7 levels left

rFire    . . .     SeeInvis .   a - +0 spear
rCold    . . .     Gourm    .   (no shield)
rNeg     . . .     Faith    .   p - +0 leather armour
rPois    .         Spirit   .   (no helmet)
rElec    .         Reflect  .   (no cloak)
rCorr    .         Harm     +   (no gloves)
MR       .....                  (no boots)
Stlth    +.........             k - amulet of harm
HPRegen  0.11/turn              (no ring)
MPRegen  0.10/turn              (no ring)

@: no status effects
A: change form in water, swift swim, stealthy swim
a: no special abilities


You were on level 3 of the Dungeon.
You were hungry.

You visited 1 branch of the dungeon, and saw 3 of its levels.

You collected 126 gold pieces.

Inventory:

Hand Weapons
 a - a +0 spear (weapon)
 b - a +0 hunting sling
Missiles
 j - 17 sling bullets
Armour
 p - a +0 leather armour (worn)
 q - a +0 ring mail
Jewellery
 k - an amulet of harm (around neck)
Scrolls
 c - a scroll of magic mapping {unknown}
 e - a scroll of enchant armour {unknown}
 f - a scroll of fear {unknown}
 h - a scroll of teleportation {unknown}
 n - 2 scrolls of remove curse {unknown}
 o - a scroll of identify {unknown}
 r - a scroll of amnesia {unknown}
Potions
 g - 2 potions of flight {unknown}
 i - 4 potions of curing {unknown}
 l - a potion of might {unknown}
Comestibles
 d - 4 rations
 m - 2 chunks of flesh


   Skills:
 - Level 2.1 Fighting
 + Level 4.8 Polearms
 - Level 0.6 Armour
 + Level 3.7 Dodging
 - Level 2.0 Spellcasting
 + Level 4.4 Charms


You had one spell level left.
You knew the following spells:

 Your Spells              Type           Power        Failure   Level  Hunger
a - Infusion              Chrm           ##..         5%          1    ##.....
b - Shroud of Golubria    Chrm/Tloc      #.....       22%         2    ###....
c - Spectral Weapon       Hex/Chrm       #.......     38%         3    ####...

Your spell library contained the following spells:

 Spells                   Type           Power        Failure   Level  Hunger
 Song of Slaying          Chrm           ##......     9%          2    ###....
 Regeneration             Chrm/Necr      #.........   38%         3    ####...


Dungeon Overview and Level Annotations

Branches:
Dungeon (3/15)

Altars:
Cheibriados
Trog
Vehumet
Xom
Yredelemnul
The Shining One

Annotations:
D:3 Terence


Message History

Terence is moderately wounded.
Terence hits you but does no damage.
You hit Terence but do no damage.
Terence is moderately wounded.
Terence barely misses you.
You barely miss Terence.
Terence is moderately wounded.
Your shroud begins to fray at the edges.
Terence hits you with a cursed -3 flail!
* * * LOW HITPOINT WARNING * * *
Your shroud falls apart!
You barely miss Terence.
Terence is moderately wounded.
You barely miss Terence.
Terence is moderately wounded.
Terence hits you but does no damage.
Your magical infusion is running out.
You are no longer magically infusing your attacks.
Terence hits you with a cursed -3 flail.
You die...

#.......$.# #.........#
#.........# #........>#
.........# ##.......## #
## #.........# .. .#
####.@.......###.# .#
#######.....@..........
.#####.......##..........#
.#)....########..........#
...##### ##........## ..##
#......### ...####
#.###.######.. ##....##
###....(........ ####..#
###................


You could see Terence.

Vanquished Creatures
  3 adders
  2 worms
  2 dart slugs
  3 leopard geckos
  6 goblins
  5 hobgoblins
  6 jackals
  7 kobolds
  A quokka (D:2)
  3 ball pythons
  9 bats
  2 frilled lizards
  3 rats
52 creatures vanquished.

Notes
Turn   | Place    | Note
-------+----------+-------------------------------------------
     0 | D:1      | MoonlitKnight the Merfolk Skald began the quest for the
                  | Orb.
     0 | D:1      | Reached XP level 1. HP: 16/16 MP: 3/3
    39 | D:1      | Reached XP level 2. HP: 16/22 MP: 0/5
   577 | D:1      | Learned a level 2 spell: Shroud of Golubria
   700 | D:1      | You fall into a shaft and drop 1 floor!
   911 | D:1      | Reached XP level 3. HP: 27/27 MP: 2/6
   930 | D:1      | Learned a level 3 spell: Spectral Weapon
  1227 | D:2      | Found a snail-covered altar of Cheibriados.
  1228 | D:2      | Found a bloodstained altar of Trog.
  1426 | D:2      | Found a radiant altar of Vehumet.
  1979 | D:2      | Found a glowing golden altar of the Shining One.
  1982 | D:2      | Reached XP level 4. HP: 33/33 MP: 4/7
  2457 | D:3      | Found a shimmering altar of Xom.
  2463 | D:3      | Found a hazy altar of Hepliaklqana.
  2463 | D:3      | Found a shadowy altar of Dithmenos.
  2465 | D:3      | Found a stormy altar of Qazlal.
  2465 | D:3      | Found a basalt altar of Yredelemnul.
  2465 | D:3      | Found a snail-covered altar of Cheibriados.
  2545 | D:3      | Noticed Terence
  2576 | D:3      | Slain by Terence

Levels and vault maps discovered:
D:1:      sevenhm_arrival_forest_fort_small_4, layout_rooms,
          minmay_split_cup_large
D:2:      layout_loops_corners, fiery_altar_vehumet,
          nicolae_overflow_hidden_temple, first_ration, tso_altar
D:3:      layout_rooms, doesnt_xom_only_xom, uniq_terence

Skill      XL: |  1  2  3 |
---------------+----------+-----
Polearms       | 4 |  4.8
Charms         | 4 |  4.4
Dodging        | 3 |  3.7
Fighting       | |  2.1
Armour         | |  0.6
Spellcasting   | |  2.0

Action                   |  1- 3 |  4- 6 || total
-------------------------+-------+-------++-------
Melee: Spear             |   116 |    39 ||   155
 Fire: Hunting sling     |    24 |     8 ||    32
 Cast: Infusion          |    13 |     4 ||    17
       Shroud of Golubri |       |     1 ||     1
 Stab: Sleeping          |     1 |     1 ||     2
  Eat: Chunk             |     4 |     1 ||     5
Armor: Leather armour    |    25 |     6 ||    31
Dodge: Dodged            |    68 |    18 ||    86

Table legend:
 A = Non-vault XP
 B = Vault XP
 C = Vault XP percentage of total XP
 D = Non-vault monster count
 E = Vault monster count
 F = Vault count percentage of total count
                 A         B        C        D         E       F
            +---------+---------+-------+---------+---------+-------
      Total |     125 |       9 |   6.7 |      48 |       4 |   7.7
            +---------+---------+-------+---------+---------+-------
        D:1 |      25 |       9 |  26.5 |      15 |       4 |  21.1
        D:2 |      52 |       0 |   0.0 |      21 |       0 |   0.0
        D:3 |      48 |       0 |   0.0 |      12 |       0 |   0.0
            +---------+---------+-------+---------+---------+-------
